 Dungeon Crawl Stone Soup version 0.31-a0-234-gad7ace16ef (webtiles) character file.

Game seed: 15224057466283403943

445 Morbidden the Firebug (level 6, -1/48 HPs)
             Began as a Draconian Fire Elementalist on July 10, 2023.
             Was an Initiate of Cheibriados.
             Slain by a gnoll
             ... wielding a +0 halberd
             ... led by a gnoll bouda
              (14 damage)
             ... on level 5 of the Dungeon.
             The game lasted 00:07:04 (5543 turns).

Morbidden the Firebug (Draconian Fire Elementalist) Turns: 5543, Time: 00:07:05

Health: -1/48      AC:  8    Str: 13    XL:     6   Next: 72%
Magic:  2/11       EV: 12    Int: 18    God:    Cheibriados [......]
Gold:   19         SH:  0    Dex: 13    Spells: 6/12 levels left

rFire   + . .        b - +1 glaive of the Hummingbird {heavy, *Noise rElec rN++ Str+2}
rCold   . . .        (shield currently unavailable)
rNeg    + + .        (body armour unavailable)
rPois   .            (helmet restricted)
rElec   +            y - +0 cloak
rCorr   .            o - +0 pair of gloves
SInv    .            (no boots)
Will    .....        (no amulet)
Stlth   ++           w - ring of protection from fire
HPRegen 0.28/turn    (no ring)
MPRegen 0.12/turn

%: no passive effects
@: about to teleport, weakened, very slightly contaminated, very slow
A: AC +6, unfitting armour, cold-blooded
a: Renounce Religion


You were on level 5 of the Dungeon.
You worshipped Cheibriados.
Cheibriados was noncommittal.
You visited 1 branch of the dungeon, and saw 5 of its levels.

You collected 272 gold pieces.
You spent 253 gold pieces at shops.

Inventory:

Hand Weapons
 a - the +4 falchion of Lies {pain, rC++ Str+2 Dex-2}
   (You found it on level 4 of the Dungeon)

   Str:       It affects your strength (+2).
   Dex:       It affects your dexterity (-2).
   rC:        It greatly protects you from cold.
 b - the +1 glaive of the Hummingbird (weapon) {heavy, *Noise rElec rN++ Str+2}
   (You bought it in a shop on level 3 of the Dungeon)

   Str:       It affects your strength (+2).
   rElec:     It insulates you from electricity.
   rN:        It greatly protects you from negative energy.
   *Noise:    It may make noises in combat.
Missiles
 i - 5 poisoned darts
 q - 7 boomerangs
Armour
 o - a +0 pair of gloves (worn)
 y - a +0 cloak (worn)
Jewellery
 w - a ring of protection from fire (left hand)
Scrolls
 d - a scroll of immolation {unknown}
 e - a scroll of brand weapon {unknown}
 j - a scroll of fear {unknown}
 k - a scroll of enchant armour {unknown}
 l - 3 scrolls of identify {unknown}
 m - a scroll of teleportation
 n - 2 scrolls of revelation {unknown}
 u - a scroll of fog {unknown}
 v - a scroll of blinking {unknown}
 z - a scroll of enchant weapon {unknown}
Potions
 c - 3 potions of curing
 f - 4 potions of cancellation {unknown}
 g - a potion of degeneration {unknown}
 h - 2 potions of heal wounds {unknown}
 p - a potion of berserk rage {unknown}
 r - 2 potions of brilliance {unknown}
 s - a potion of ambrosia {unknown}
 t - 2 potions of magic
 x - 2 potions of lignification
 A - a potion of attraction {unknown}


   Skills:
 * Level 2.2 Fighting
 + Level 0.1 Long Blades
 * Level 0.7 Polearms
 * Level 2.6 Dodging
 + Level 2.0 Stealth
 * Level 1.2 Unarmed Combat
 * Level 3.5 Spellcasting
 * Level 2.4 Conjurations
 * Level 0.3 Hexes
 * Level 4.9 Fire Magic
 * Level 0.5 Invocations


You had 6 spell levels left.
You knew the following spells:

 Your Spells              Type           Power      Damage    Failure   Level
a - Foxfire               Conj/Fire      64%        2x1d7     3%          1
b - Scorch                Fire           40%        2d7       3%          2
c - Inner Flame           Hex/Fire       12%        N/A       16%         3

Your spell library contained the following spells:

 Spells                   Type           Power      Damage    Failure   Level
 Freeze                   Ice            12%        1d3       16%         1
 Volatile Blastmotes      Fire/Tloc      24%        2d12      17%         3
 Hailstorm                Conj/Ice       7%         3d4       28%         3
 Flame Wave               Conj/Fire      16%        2d7       34%         4
 Frozen Ramparts          Ice            6%         1d1       43%         3


Dungeon Overview and Level Annotations

Branches:
Dungeon (5/15)             Temple (0/1) D:5

Altars:
Ashenzari
Cheibriados
Dithmenos
Fedhas
Gozag
Okawaru
Uskayaw
Zin
The Shining One

Shops:
D:3 !((   D:4 (


Innate Abilities, Weirdness & Mutations

Your plain brown scales are hard. (AC +6)
You cannot fit into any form of body armour.
You are cold-blooded and may be slowed by cold attacks.


Message History

Unknown command.
Casting: Foxfire (safe; 3% risk of failure)
Confirm with . or Enter, or press ? or * to list all spells.
You conjure some foxfire!
Unknown command.
Unknown command.
Casting: Foxfire (safe; 3% risk of failure)
Confirm with . or Enter, or press ? or * to list all spells.
You don't know that spell.
You start resting.
Your foxfire dissipates!
No target in view!
You start resting.
A gnoll is nearby!
You reach to attack!
You closely miss the gnoll.
The gnoll hits you from afar with a +0 halberd!
The gnoll hits you from afar with a +0 halberd.
Unknown command.
You reach to attack!
You slash the gnoll!
The gnoll is heavily wounded.
The gnoll hits you from afar with a +0 halberd!
The gnoll barely misses you.
The gnoll bouda barks out a call to the hunt!
The gnoll closely misses you.
The gnoll bouda gazes fiercely through you!
You feel your attacks grow feeble.
The gnoll bouda hits you but does no damage.
You hear a shout!
As you read the scroll labelled ITROMP ANNAFF, it crumbles to dust.
You feel strangely unstable.
It was a scroll of teleportation.
You hear a shout!
The gnoll is no longer moving quickly.
The gnoll hits you from afar with a +0 halberd!
The gnoll bouda hits you with a +0 whip!
* * * LOW HITPOINT WARNING * * *
The gnoll barely misses you.
Unknown command.
Unknown command.
The gnoll hits you from afar with a +0 halberd!
You die...

##.......... ##.
#.....#...#..#..
#.....#..###...#
##.......#.#.. #
##...###....#.###
#...###.....#....
##..####.........
####..............
##@.....##.........
#..................
####g.g......###...)).
#...###...###...###)..
#.....#.###.#....
#.### #.#...#..
..#...#.. #. #
#####...# ..#####.. #.
.g.# .# #.. # .## .#.


You could see a gnoll bouda and a gnoll.

Vanquished Creatures
  A black bear (D:5)
  A scorpion (D:4)
  A howler monkey (D:4)
  A hound (D:4)
  An iguana (D:4)
  An orc wizard (D:4)
  9 adders
  An ufetubus (D:4)
  A worm (D:4)
  A dart slug (D:4)
  12 orcs
  8 ball pythons
  5 bats
  6 endoplasms
  7 goblins
  3 hobgoblins (D:4)
  5 quokkas
  3 frilled lizards
  12 kobolds
  8 rats
87 creatures vanquished.

Vanquished Creatures (others)
  267 foxfires
267 creatures vanquished.

Grand Total: 354 creatures vanquished

Notes
Turn   | Place    | Note
-------+----------+-------------------------------------------
     0 | D:1      | Morbidden the Draconian Fire Elementalist began the quest
                  | for the Orb.
     0 | D:1      | Reached XP level 1. HP: 14/14 MP: 3/3
   309 | D:1      | Reached XP level 2. HP: 20/20 MP: 3/5
   361 | D:1      | Learned a level 2 spell: Scorch
   939 | D:2      | Reached XP level 3. HP: 27/27 MP: 2/6
  2391 | D:3      | Reached XP level 4. HP: 34/34 MP: 0/7
  2580 | D:3      | Found a faded altar of an unknown god.
  2584 | D:3      | Found an opulent altar of Gozag.
  2614 | D:3      | Found Ytsih's Weapon Boutique.
  2774 | D:3      | Found a faded altar of an unknown god.
  2810 | D:3      | Reached skill level 1 in Fighting
  2991 | D:3      | Found Mimyxub's Distillery.
  3149 | D:3      | Found Suribra's Antique Weapon Emporium.
  3158 | D:3      | Reached skill level 4 in Fire Magic
  3765 | D:4      | Reached XP level 5. HP: 39/40 MP: 2/9
  3866 | D:4      | Reached skill level 1 in Unarmed Combat
  4080 | D:4      | Identified the +4 falchion of Lies {pain, rC++ Str+2 Dex-2}
  4159 | D:4      | Reached XP level 6. HP: 48/48 MP: 4/10
  4275 | D:4      | Noticed a +0 falchion
  4275 | D:4      | Noticed a +0 spear
  4275 | D:4      | Noticed a +0 short sword
  4275 | D:4      | Noticed a +0 dagger
  4276 | D:4      | Noticed a +0 dagger
  4276 | D:4      | Noticed a +0 falchion
  4286 | D:4      | Found a hide-covered altar of Uskayaw.
  4286 | D:4      | Noticed a +0 short sword
  4286 | D:4      | Noticed a +0 spear
  4562 | D:4      | Found Ubuuleo's Firing Range.
  4564 | D:4      | Found an iron altar of Okawaru.
  4584 | D:4      | Found a broken altar of Ashenzari.
  4585 | D:4      | Found a glowing golden altar of the Shining One.
  4586 | D:4      | Found a shadowy altar of Dithmenos.
  4589 | D:4      | Found a glowing silver altar of Zin.
  4590 | D:4      | Found a snail-covered altar of Cheibriados.
  4632 | D:4      | Became a worshipper of Cheibriados the Contemplative
  4687 | D:4      | Found a blossoming altar of Fedhas.
  5002 | D:3      | Bought a masterwork glaive for 253 gold pieces
  5002 | D:3      | Identified the +1 glaive of the Hummingbird {heavy, *Noise
                  | rElec rN++ Str+2} (You bought it in a shop on level 3 of
                  | the Dungeon)
  5076 | D:5      | Entered Level 5 of the Dungeon
  5241 | D:5      | Learned a level 3 spell: Inner Flame
  5273 | D:5      | Found a staircase to the Ecumenical Temple.
  5543 | D:5      | Slain by a gnoll

Illustrated notes

Levels and vault maps discovered:
D:1:      eino_arrival_tree_alley, layout_basic, serial_glass, glass_columns_a,
          glass_columns_a, glass_columns_a, glass_columns_a, glass_columns_b,
          glass_columns_b, glass_columns_b, glass_columns_b
D:2:      minmay_chambers_of_twos, layout_loops_ring
D:3:      layout_loops_ring, nicolae_overflow_ecumenical_swirl,
          shapermc_ecumenical_altar_mp_highgroup, serial_shops,
          nicolae_shop_tiny_waterfront, shop, nicolae_shop_advertising_works
          [nicolae_subvault_shop_adworks]
D:4:      layout_cave_pools, old_standard_altar, minitemple,
          nicolae_uskayaw_en_pointe, nicolae_shop_firing_range
D:5:      nicolae_cairo_tiling, layout_cave_pools, nicolae_elyvilon_temple_path,
          minmay_temple_entry_overgrown, serial_shops, shop

Skill      XL: |  1  2  3  4  5 |
---------------+----------------+-----
Stealth        | 2 |  2.0
Fighting       | 1 2 |  2.2
Dodging        | 2 |  2.6
Fire Magic     | 4 |  4.9
Unarmed Combat | 1 |  1.2
Spellcasting   | 3 |  3.5
Conjurations   | 2 |  2.4
Long Blades    | |  0.1
Polearms       | |  0.7
Hexes          | |  0.3
Invocations    | |  0.5

Action                     |  1- 3 |  4- 6 || total
---------------------------+-------+-------++-------
  Melee: Unarmed           |    16 |    19 ||    35
         Punch             |     1 |     1 ||     2
         Tailslap          |       |     3 ||     3
         Falchion          |       |    14 ||    14
         Glaive            |       |     6 ||     6
   Cast: Foxfire           |    67 |    91 ||   158
         Scorch            |    13 |    21 ||    34
         Inner Flame       |       |     1 ||     1
    Use: Potion            |       |     3 ||     3
         Scroll            |       |     1 ||     1
 Armour: Skin              |    12 |    33 ||    45
  Dodge: Dodged            |    25 |    38 ||    63

Table legend: (Time is in decaauts)
 A = Elapsed time spent in this place.
 B = Non-inter-level travel time spent in this place.
 C = Inter-level travel time spent in this place.
 D = Time resting spent in this place.
 E = Time spent auto-exploring this place.
 F = Levels seen in this place.
 G = Mean time per level.
                   A        B        C        D        E       F      G
               +--------+--------+--------+--------+--------+-----+--------+
         Total |   5690 |   5339 |    351 |    421 |   4307 |   5 | 1138.0 |
       Dungeon |   5690 |   5339 |    351 |    421 |   4307 |   5 | 1138.0 |
               +--------+--------+--------+--------+--------+-----+--------+

Top non-repeatable levels by time:
     D:3: 1490 daAuts
     D:2: 1447 daAuts
     D:4: 1312 daAuts
     D:1: 935 daAuts
     D:5: 504 daAuts
